Map: Галактический процесс РВ

Players

Yalta - Winner!

  • Race: Terran Terran
  • League: Master
  • Spawn Location: 7:00

Arni

  • Race: Zerg Zerg
  • League: Diamond
  • Spawn Location: 1:00

VOD

Have the link to the VOD?

Description

Time

  • Played on: Feb. 23, 2017, 12:28 p.m.
  • Length: 11:30
Show
View Real Time Build Order
Export as new Build Order

Yalta Terran - Winner!

Build Orders: Reaper Expand 

Get SALT Encoding   

  12  0:01  SCV  
  13  0:13  SCV  
  14  0:18  Supply Depot  
  14  0:25  SCV  
  15  0:29  Refinery  
  15  0:40  SCV  
  16  0:48  Barracks  
  16  0:54  SCV  
  17  1:06  SCV  
  18  1:18  SCV  
  19  1:35  Orbital Command, Reaper  
  19  1:38  Bunker  
  20  1:57  Command Center  
  20  2:03  SCV  
  20  2:16  Factory  
  20  2:20  Barracks Reactor  
  20  2:22  Supply Depot, SCV  
  21  2:24  Refinery  
  21  2:34  SCV  
  21  2:53  SCV  
  21  2:55  Factory  
  22  3:08  Barracks Reactor, Hellion x2  
  22  3:10  SCV  
  22  3:11  Orbital Command  
  27  3:19  Armory  
  27  3:22  SCV  
  28  3:29  Hellion  
  28  3:32  Hellion  
  32  3:34  SCV  
  32  3:39  SCV  
  34  3:53  Cyclone  
  34  3:55  Cyclone  
  40  3:56  SCV x2  
  42  4:08  SCV  
  43  4:10  Supply Depot  
  43  4:11  Supply Depot  
  43  4:13  Cyclone  
  46  4:20  Refinery  
  46  4:32  SCV x2  
  46  4:34  Cyclone  
  46  4:35  Hellion x2  
  53  4:45  Supply Depot  
  53  4:50  Cyclone  
  56  4:55  SCV x2  
  56  4:56  Hellion  
  60  5:06  Hellion  
  62  5:07  SCV x2  
  64  5:16  Terran Vehicle Weapons Level 1  
  64  5:19  SCV x2  
  66  5:31  Command Center, SCV x2  
  56  5:50  Hellion, Cyclone x2  
  56  5:51  Hellion  
  63  6:00  SCV x2  
  63  6:02  Refinery  
  56  6:07  Factory x2  
  56  6:12  Factory, Hellion x2  
  56  6:13  Supply Depot  
  56  6:15  SCV x2  
  62  6:23  Engineering Bay  
  62  6:25  Hellion x2  
  66  6:29  SCV x2  
  66  6:32  Supply Depot  
  68  6:35  Supply Depot  
  68  6:48  Orbital Command, SCV x2  
  68  6:50  Factory Tech Lab  
  68  6:51  Factory Tech Lab  
  70  6:55  Factory Tech Lab  
  70  6:58  Supply Depot  
  70  7:01  Hellion x3  
  76  7:03  Hellion  
  76  7:05  SCV  
  79  7:11  SCV  
  79  7:12  Terran Vehicle Weapons Level 2  
  80  7:17  Hellion x4, SCV x2  
  82  7:23  SCV  
  82  7:27  Refinery  
  83  7:32  Thor, Refinery  
  83  7:33  Thor  
  95  7:44  Hellion x2  
  95  7:49  Cyclone x4  
  107  7:57  Cyclone  
  100  8:07  Infernal Pre-Igniter  
  100  8:09  SCV x2  
  103  8:12  SCV  
  103  8:15  Supply Depot x2  
  103  8:16  Hellion x2  
  100  8:21  SCV  
  101  8:29  Siege Tank  
  101  8:32  SCV x2  
  101  8:33  SCV  
  107  8:35  Missile Turret  
  107  8:38  Missile Turret  
  107  8:39  Supply Depot  
  107  8:40  Supply Depot x2  
  107  8:45  SCV x2  
  107  8:46  SCV  
  110  8:57  SCV  
  110  8:59  Command Center  
  110  9:01  Siege Tank  
  110  9:02  Siege Tank  
  117  9:06  Hellion x2  
  121  9:19  Sensor Tower  
  121  9:20  Supply Depot  
  121  9:21  Supply Depot  
  121  9:22  Starport  
  119  9:33  Hellion x3, Siege Tank x2  
  131  9:52  Hellion, Siege Tank  
  136  9:55  Hellion x2, Supply Depot  
  136  9:56  Supply Depot  
  140  10:02  Starport Reactor  
  140  10:05  Siege Tank  
  143  10:08  Siege Tank  
  143  10:09  Hellion  
  148  10:23  Hellion x2  
  148  10:24  Siege Tank  
  155  10:37  Siege Tank  
  150  10:48  Hellion, Siege Tank  
  150  10:49  Hellion  
  131  10:56  Siege Tank  
  126  10:57  Hellion x2  
Show
View Real Time Build Order
Export as new Build Order

Arni Zerg 

Build Orders: Hatch First 

Get SALT Encoding   

  12  0:01  Drone  
  13  0:13  Overlord  
  13  0:18  Drone  
  14  0:31  Drone x2  
  16  0:36  Drone  
  17  0:53  Hatchery  
  16  0:57  Drone  
  16  1:00  Drone  
  18  1:16  Spawning Pool  
  18  1:18  Extractor  
  16  1:21  Drone  
  16  1:25  Drone  
  18  1:30  Drone  
  19  1:42  Overlord  
  19  2:05  Queen x2  
  19  2:06  Zergling x4  
  25  2:10  Zergling x2  
  26  2:19  Metabolic Boost  
  26  2:26  Drone x2  
  27  2:54  Drone  
  27  2:55  Drone x5  
  33  3:08  Overlord  
  33  3:15  Queen  
  33  3:16  Hatchery  
  34  3:20  Pneumatized Carapace  
  34  3:26  Drone x2  
  36  3:32  Drone x3  
  39  3:35  Drone  
  39  3:38  Overlord  
  40  3:46  Baneling Nest  
  39  3:55  Overlord  
  39  4:02  Zergling x4  
  41  4:03  Queen, Zergling x6  
  46  4:15  Drone x2  
  48  4:21  Roach Warren  
  44  4:34  Zergling x6  
  44  4:35  Zergling x4  
  51  4:39  Queen  
  51  4:43  Baneling x2, Drone  
  51  4:44  Drone  
  53  4:51  Overlord x2  
  53  4:56  Queen  
  53  4:57  Zergling x6  
  58  5:01  Baneling  
  58  5:05  Overlord  
  58  5:13  Baneling  
  58  5:14  Spine Crawler, Baneling  
  57  5:16  Drone  
  57  5:17  Drone x2  
  60  5:21  Zergling x2  
  60  5:22  Zergling x6  
  60  5:23  Baneling x2  
  60  5:24  Roach x2  
  68  5:35  Zergling x4  
  69  5:36  Zergling x2  
  69  5:39  Lair  
  69  5:48  Roach x3  
  69  5:49  Zergling x2  
  63  5:50  Zergling x10  
  63  6:00  Drone x5  
  66  6:15  Drone x3  
  66  6:16  Drone x4  
  66  6:17  Drone x3, Evolution Chamber  
  75  6:20  Evolution Chamber  
  74  6:34  Drone  
  74  6:35  Drone x6  
  81  6:45  Overseer  
  81  6:50  Extractor  
  81  6:51  Hatchery, Queen, Overlord x2  
  81  6:54  Extractor  
  80  7:09  Drone  
  80  7:10  Extractor, Overlord x2  
  80  7:11  Drone x2  
  80  7:12  Drone  
  80  7:13  Drone x2  
  80  7:15  Drone  
  86  7:17  Drone x5  
  86  7:18  Drone  
  86  7:19  Glial Reconstitution  
  86  7:21  Overlord x2  
  92  7:28  Zerg Missile Weapons Level 1  
  92  7:32  Baneling x2, Zergling x2  
  92  7:33  Zergling x6  
  100  7:37  Roach x2  
  100  7:40  Roach  
  102  7:48  Roach x3  
  104  8:01  Roach x6  
  114  8:16  Drone x6  
  114  8:18  Zerg Ground Armor Level 1  
  116  8:30  Queen x3  
  116  8:31  Extractor  
  116  8:32  Roach x4  
  129  8:36  Overlord x2  
  129  8:42  Spine Crawler  
  129  8:43  Extractor  
  129  8:44  Spine Crawler  
  126  8:49  Overlord  
  126  8:50  Overlord x2  
  126  8:51  Roach x2  
  126  8:54  Ravager x2  
  132  8:57  Overlord  
  132  8:59  Hatchery  
  131  9:07  Infestation Pit  
  130  9:15  Roach x3  
  130  9:16  Roach x6  
  145  9:34  Roach  
  147  9:41  Drone x4  
  147  9:42  Drone  
  152  9:48  Roach x9  
  163  9:53  Ravager x2  
  163  9:54  Ravager x2  
  167  10:03  Roach  
  167  10:06  Overlord x2  
  169  10:09  Ravager  
  169  10:14  Hive  
  170  10:21  Roach x2  
  170  10:22  Roach  
  170  10:25  Zergling x10  
  170  10:26  Zergling x6  
  117  10:54  Roach x13  
  117  10:55  Roach x3  
  116  10:59  Roach x2  
Tags
 
Add a new tag
Caveats
  • Supply blocks, unpowered buildings, or Contaminate may cause inaccurate times.
  • Supply counts are checked every 10 seconds.